 Dungeon Sprint DCSS version 0.29.1-12-g30fa7ad0bf (webtiles) character file.

Game seed: 8878930115174830773

5258 Groucho the Unseen (level 10, -53/46 HPs)
             Began as a Spriggan Enchanter on Dec 27, 2022.
             Was a Priest of Dithmenos.
             Killed from afar by a crystal guardian (59 damage)
             ... with a crystal bolt
             ... in the Dungeon (Sprint II: "The Violet Keep of Menkaure").
             The game lasted 00:07:56 (2572 turns).

Groucho the Unseen (Spriggan Enchanter)             Turns: 2572, Time: 00:07:57

Health: -53/46     AC:  2    Str:  8    XL:     10   Next: 36%
Magic:  23/29      EV: 29    Int: 18    God:    Dithmenos [***...]
Gold:   199        SH:  0    Dex: 15    Spells: 24/37 levels left

rFire   + . .      SeeInvis +   a - +1 dagger
rCold   . . .      Faith    .   (no shield)
rNeg    . . .      Spirit   .   j - +0 robe of Salvation {Will+ Stlth+}
rPois   .          Reflect  .   (helmet restricted)
rElec   .          Harm     .   (no cloak)
rCorr   .          Rampage  .   (gloves unavailable)
Will    ++...      NoTele   +   (boots unavailable) Stlth **++++++++
                                b - amulet of magic regeneration
HPRegen 0.15/turn               d - ring of Okizuot {rF+ EV+4}
MPRegen 0.61/turn               f - ring of flight

@: flying, wreathed by umbra, very quick
A: very small, no large weapons, unfitting armour, see invisible, speed 3
a: Renounce Religion, Shadow Step


You were in the Dungeon.
You worshipped Dithmenos.
Dithmenos was most pleased with you.
You visited 1 branch You collected 1235 gold pieces.
You spent 1036 gold pieces at shops.

Inventory:

Hand Weapons
 a - a +1 dagger (weapon)
Armour
 j - the +0 robe of Salvation (worn) {Will+ Stlth+}
   (You bought it in a shop in the Dungeon)

   Will:      It increases your willpower.
   Stlth:     It makes you more stealthy.
Jewellery
 b - an amulet of magic regeneration (around neck)
 d - the ring of Okizuot (left hand) {rF+ EV+4}
   (You bought it in a shop in the Dungeon)

   [ring of evasion]

   EV:        It affects your evasion (+4).
   rF:        It protects you from fire.
 f - a ring of flight (right hand)
Potions
 c - a potion of might
 e - a potion of heal wounds
 g - 2 potions of magic
 h - 2 potions of berserk rage
 k - a potion of haste


   Skills:
 + Level 2.0 Fighting
 - Level 10.0 Short Blades
 + Level 13.6 Dodging
 - Level 19.3 Stealth
 - Level 14.0 Spellcasting
 - Level 14.0 Hexes
 * Level 2.8 Earth Magic


You had 24 spell levels left.
You knew the following spells:

 Your Spells              Type           Power      Damage    Failure   Level
a - Ensorcelled Hibernat  Hex/Ice        74%        N/A       1%          2
b - Confusing Touch       Hex            58%        N/A       1%          3
c - Dazzling Flash        Conj/Hex       74%        N/A       1%          3
d - Lee's Rapid Deconstr  Erth           11%        3d9*      43%         5

Your spell library contained the following spells:

 Spells                   Type           Power      Damage    Failure   Level
 Tukima's Dance           Hex            58%        N/A       1%          3
 Fulminant Prism          Conj/Hex       18%        3d11      3%          4
 Iskenderun's Mystic Bla  Conj/Tloc      12%        2d5       45%         4


Dungeon Overview and Level Annotations

Branches:
Dungeon (1/1)

Altars:
Cheibriados
Dithmenos
Elyvilon
Fedhas
Gozag
Hepliaklqana
Kikubaaqudgha
Makhleb
Nemelex Xobeh
Okawaru
Qazlal
Ru
Sif Muna
Trog
Uskayaw
Vehumet
Wu Jian
Xom
Yredelemnul
Zin
The Shining One
Jiyva
Lugonu

Shops:
D :([:[=!=!(?[*=?

Annotations:
D exclusions: oklob plant and orange crystal statue


Innate Abilities, Weirdness & Mutations

You are very small and have problems with some larger weapons.
You are too small for most types of armour.
You have supernaturally acute eyesight. (SInv)
You cover ground extremely quickly. (Speed+++)


Message History

A crystal guardian is nearby!
You start waiting.
Done waiting.
You start waiting.
Done waiting.
Casting: Ensorcelled Hibernation (safe; 1% risk of failure)
Confirm with . or Enter, or press ? or * to list all spells.
Aiming: Ensorcelled Hibernation (safe; 1% risk of failure)
Press: ? - help, Shift-Dir - straight line, f - swamp drake
Aim: a swamp drake (wandering, hasn't noticed you, umbra, chance to affect: 64%)
The swamp drake resists with significant effort.
Casting: Ensorcelled Hibernation (safe; 1% risk of failure)
Confirm with . or Enter, or press ? or * to list all spells.
Aiming: Ensorcelled Hibernation (safe; 1% risk of failure)
Press: ? - help, Shift-Dir - straight line, f/p - swamp drake
Aim: a swamp drake (umbra, chance to affect: 64%)
The swamp drake resists with significant effort.
Casting: Ensorcelled Hibernation (safe; 1% risk of failure)
Confirm with . or Enter, or press ? or * to list all spells.
Aiming: Ensorcelled Hibernation (safe; 1% risk of failure)
Press: ? - help, Shift-Dir - straight line, f/p - swamp drake
Aim: a swamp drake (umbra, chance to affect: 64%)
The swamp drake resists with significant effort.
The swamp drake misses you.
Casting: Ensorcelled Hibernation (safe; 1% risk of failure)
Confirm with . or Enter, or press ? or * to list all spells.
Aiming: Ensorcelled Hibernation (safe; 1% risk of failure)
Press: ? - help, Shift-Dir - straight line, f/p - swamp drake
Aim: a swamp drake (umbra, chance to affect: 64%)
The swamp drake resists with significant effort.
The swamp drake completely misses you.
The crystal guardian fires a crystalline bolt at you.
The crystal bolt freezes the swamp drake!!
The swamp drake dies!
The crystal bolt freezes you!!!
Ouch! That really hurt!
* * * LOW HITPOINT WARNING * * *
You emit a cloud of dark smoke.
The crystal bolt freezes you!!!
Ouch! That really hurt!
You die...

##++## ##≈§..### # #)≈^....##
#+++# ####....#k## ....
#.†'....#.k#
~.##+##..#..####.#..#
~##...##.####.)§§##9# ~#..#..#
...#..#@§.####
###.#.####..#####§.##)# [!$
.###'###.##..#..'.^#..#▓$|!(?
#.##.###..#..#(.#..#†.#▓)$())?
##'.<.'.##'..####..##.#▓?!?$$:[
..##.###..#..§.###...##▓▓▓▓▓▓▓+
.###'###.##...§..~~~~~~~~~~~~~
###.#.####~~....§~#'########+##
~#.###.#~~~~~~~..~#_._._...#~§~


You could see a crystal guardian.

Vanquished Creatures
  A deep elf master archer (D)
  A fire dragon (D)
  A death yak (D)
  A death drake (D)
  A yaktaur (D)
  3 polar bears (D)
  A hornet (D)
  4 wyverns (D)
  A water moccasin (D)
  A swamp drake (D)
  4 necrophages (D)
  4 scorpions (D)
  3 worms (D)
26 creatures vanquished.

Vanquished Creatures (others)
  Menkaure (D)
  A water moccasin (D)
  A swamp drake (D)
3 creatures vanquished.

Grand Total: 29 creatures vanquished

Notes
Turn   | Place    | Note
-------+----------+-------------------------------------------
     0 | D        | Groucho the Spriggan Enchanter began the quest for the Orb.
     0 | D        | Reached XP level 1. HP: 9/9 MP: 5/5
     7 | D        | Noticed a scorpion
     7 | D        | Noticed a scorpion
    18 | D        | Noticed a scorpion
    18 | D        | Noticed a scorpion
    20 | D        | Killed a scorpion
    21 | D        | Reached skill level 8 in Stealth
    21 | D        | Reached skill level 5 in Hexes
    21 | D        | Reached XP level 2. HP: 13/13 MP: 5/8
    21 | D        | Reached XP level 3. HP: 16/16 MP: 6/10
    26 | D        | Killed a scorpion
    27 | D        | Reached skill level 10 in Stealth
    27 | D        | Reached skill level 5 in Spellcasting
    27 | D        | Reached XP level 4. HP: 21/21 MP: 6/12
    28 | D        | Killed a scorpion
    29 | D        | Reached skill level 5 in Short Blades
    29 | D        | Reached skill level 11 in Stealth
    29 | D        | Reached XP level 5. HP: 24/24 MP: 6/14
    33 | D        | Killed Menkaure
    34 | D        | Reached skill level 12 in Stealth
    41 | D        | Noticed a wyvern
    41 | D        | Noticed a wyvern
    44 | D        | Killed a wyvern
    45 | D        | Reached skill level 14 in Stealth
    45 | D        | Reached XP level 6. HP: 28/28 MP: 7/17
    50 | D        | Killed a wyvern
    51 | D        | Reached skill level 15 in Stealth
    51 | D        | Reached XP level 7. HP: 32/32 MP: 7/20
    66 | D        | Reached skill level 16 in Stealth
    79 | D        | Learned a level 2 spell: Ensorcelled Hibernation
    83 | D        | Learned a level 3 spell: Confusing Touch
    87 | D        | Learned a level 3 spell: Dazzling Flash
   100 | D        | Found Quyx's Jewellery Emporium.
   100 | D        | Found Zesanaf's Distillery.
   100 | D        | Found Ilyimum's Jewellery Shoppe.
   100 | D        | Found Kagebb's Magic Scroll Shoppe.
   100 | D        | Found Muorih's Distillery.
   101 | D        | Found Emasuqar's Antique Armour Shoppe.
   101 | D        | Found Kisaowk's Book Emporium.
   101 | D        | Found Daylirph's General Store.
   101 | D        | Found Tisir's Magic Scroll Shoppe.
   101 | D        | Found Nireulova's Antique Weapon Emporium.
   102 | D        | Found Istron's Antique Armour Shoppe.
   102 | D        | Found Coped's Armour Shoppe.
   102 | D        | Found Ysaworur's Jewellery Emporium.
   102 | D        | Found Juuzxi's Antique Weapon Emporium.
   102 | D        | Noticed a shining eye
   102 | D        | Noticed a shining eye
   112 | D        | Noticed a shining eye
   112 | D        | Noticed an oklob plant
   113 | D        | Found Ujaohom's Book Shoppe.
   120 | D        | Noticed a polar bear
   120 | D        | Noticed a flying skull
   152 | D        | Bought the ring of Okizuot {rF+ EV+4} for 500 gold pieces
   165 | D        | Bought a ring of flight for 210 gold pieces
   171 | D        | Bought a shadowed robe for 136 gold pieces
   171 | D        | Identified the +0 robe of Salvation {Will+ Stlth+} (You
                  | bought it in a shop in the Dungeon)
   238 | D        | Found an iron altar of Okawaru.
   238 | D        | Found an opulent altar of Gozag.
   248 | D        | Found a sparkling altar of Nemelex Xobeh.
   248 | D        | Found a blossoming altar of Fedhas.
   250 | D        | Found a radiant altar of Vehumet.
   250 | D        | Found a burning altar of Makhleb.
   250 | D        | Found a white marble altar of Elyvilon.
   251 | D        | Found a hide-covered altar of Uskayaw.
   251 | D        | Found a corrupted altar of Lugonu.
   251 | D        | Found a shadowy altar of Dithmenos.
   252 | D        | Found a glowing silver altar of Zin.
   252 | D        | Found a bloodstained altar of Trog.
   252 | D        | Found an ancient bone altar of Kikubaaqudgha.
   253 | D        | Found a basalt altar of Yredelemnul.
   253 | D        | Found a shimmering blue altar of Sif Muna.
   253 | D        | Found a viscous altar of Jiyva.
   254 | D        | Found a shimmering altar of Xom.
   254 | D        | Found a sacrificial altar of Ru.
   256 | D        | Found a glowing golden altar of the Shining One.
   256 | D        | Found an ornate altar of the Wu Jian Council.
   256 | D        | Found a stormy altar of Qazlal.
   256 | D        | Found a snail-covered altar of Cheibriados.
   256 | D        | Found a hazy altar of Hepliaklqana.
   264 | D        | Became a worshipper of Dithmenos the Shadowed
   275 | D        | Noticed a wyvern
   276 | D        | Noticed a wyvern
   277 | D        | Killed a wyvern
   278 | D        | Reached skill level 17 in Stealth
   278 | D        | Reached skill level 10 in Hexes
   278 | D        | Reached XP level 8. HP: 36/36 MP: 22/22
   280 | D        | Reached skill level 10 in Spellcasting
   284 | D        | Noticed a fire dragon
   287 | D        | Killed a fire dragon
   287 | D        | Reached * piety under Dithmenos
   288 | D        | Reached skill level 19 in Stealth
   294 | D        | Noticed a deep elf master archer
   296 | D        | Killed a deep elf master archer
   297 | D        | Reached skill level 10 in Short Blades
   297 | D        | Reached XP level 9. HP: 39/39 MP: 24/26
   304 | D        | Noticed a death yak
   306 | D        | Killed a death yak
   327 | D        | Noticed a yaktaur
   327 | D        | Noticed a polar bear
   328 | D        | Noticed a polar bear
   328 | D        | Noticed a polar bear
   329 | D        | Killed a polar bear
   329 | D        | Reached ** piety under Dithmenos
   330 | D        | Reached skill level 10 in Dodging
   330 | D        | Killed a polar bear
   331 | D        | Reached XP level 10. HP: 44/44 MP: 28/28
   333 | D        | Reached *** piety under Dithmenos
   512 | D        | Noticed a death drake
   513 | D        | Noticed a death drake
   513 | D        | Noticed a crystal guardian
   548 | D        | Bought a potion of might for 40 gold pieces
   548 | D        | Bought a potion of berserk rage for 50 gold pieces
   548 | D        | Bought a potion of haste for 100 gold pieces
   877 | D        | Noticed an orange crystal statue
   891 | D        | Learned a level 5 spell: Lee's Rapid Deconstruction
   913 | D        | Killed a death drake
  2572 | D        | Killed from afar by a crystal guardian

Illustrated notes

Levels and vault maps discovered:
D:        the_violet_keep_of_menkaure [sprint2_stairs_cluster_1,
          sprint2_shoproom, sprint2_temple, sprint2_basic_supplies,
          sprint2_obstacle_2, sprint2_obstacle_4, sprint2_obstacle_7,
          sprint2_obstacle_1, sprint2_obstacle_6, sprint2_timed_cluster_1,
          sprint2_smallroom_cluster_1, sprint2_smallroom_final_cluster_1,
          sprint2_transparent_cluster_1, sprint2_second_timed_cluster_1,
          sprint2_sniper_area_1, sprint2_heavy_combat_area_1,
          sprint2_mutation_trap_area_1, sprint2_forest_area_1,
          sprint2_light_combat_area_1, sprint2_behind_water_1,
          sprint2_near_end_vault_1]

Skill      XL: |  1  2  3  4  5  6  7  8  9 10 |
---------------+-------------------------------+-----
Short Blades   | 3 4 5 6 7 8 10 | 10.0
Stealth        | 8 10 11 14 15 17 19 | 19.3
Spellcasting   | 4 5 6 7 8 9 12 13 14 | 14.0
Hexes          | 5 6 8 10 13 14 | 14.0
Dodging        | 8 10 13 | 13.6
Fighting       | 2 |  2.0
Earth Magic    | 2 |  2.8

Action                   |  1- 3 |  4- 6 |  7- 9 | 10-12 || total
-------------------------+-------+-------+-------+-------++-------
Melee: Dagger            |    15 |    10 |    22 |     5 ||    52
 Cast: Ensorcelled Hiber |       |       |     4 |     6 ||    10
  Use: Potion            |     3 |       |     1 |       ||     4
       Scroll            |       |       |       |     1 ||     1
 Stab: Invisible         |     3 |     2 |       |       ||     5
       Sleeping          |     1 |     1 |    15 |     5 ||    22
Armor: Robe              |     1 |       |       |       ||     1
Dodge: Dodged            |     4 |     3 |     9 |     3 ||    19
